 Dungeon Crawl Stone Soup version 0.27-a0-1612-gde56a17b89 (webtiles) character file.

Game seed: 5266431142486733349

2169 hatdisgam the Basher (level 9, 0/88 HPs)
             Began as an Ogre Berserker on July 21, 2021.
             Was a Priest of Trog.
             Succumbed to an orc wizard's poison
             ... on level 6 of the Dungeon.
             The game lasted 00:08:12 (7142 turns).

hatdisgam the Basher (Ogre Berserker)               Turns: 7142, Time: 00:08:12

Health: 0/88       AC:  4    Str: 24    XL:     9   Next: 32%
Magic:  9/9        EV: 11    Int: 15    God:    Trog [***...]
Gold:   296        SH:  0    Dex:  8    Spells: 8/8 levels left

rFire    + . .     SeeInvis .   s - +8 mace of the Lusting Mosquito {flame, Will- Int+5}
rCold    + . .     Faith    .   (no shield)
rNeg     . . .     Spirit   .   b - +0 animal skin
rPois    +         Reflect  .   (helmet restricted)
rElec    +         Harm     .   t - +0 cloak
rCorr    +         Rampage  .   (gloves unavailable)
Will     .....                  (boots unavailable)
Stlth    +.........             (no amulet)
HPRegen  0.24/turn              n - +4 ring of slaying
MPRegen  0.11/turn              (no ring)

@: confused, lethally poisoned (0 -> -16), resistant, flying
A: large, unfitting armour, tough skin 1, clever 1, weak 1, MP-powered wands
a: Renounce Religion, Berserk, Trog's Hand


You were on level 6 of the Dungeon.
You worshipped Trog.
Trog was most pleased with you.
You visited 1 branch of the dungeon, and saw 6 of its levels.

You collected 296 gold pieces.

Inventory:

Hand Weapons
 a - a +0 mace
 o - a +0 giant spiked club
 s - the +8 mace of the Lusting Mosquito (weapon) {flame, Will- Int+5}
   (You found it on level 5 of the Dungeon)

   It burns those it strikes, dealing additional fire damage.
   Int:       It affects your intelligence (+5).
   Will:      It decreases your willpower.
Missiles
 q - 8 curare-tipped darts (quivered)
Armour
 b - a +0 animal skin (worn)
 t - a +0 cloak (worn)
Jewellery
 n - a +4 ring of slaying (left hand)
Scrolls
 c - a scroll of noise {unknown}
 d - a scroll of fog {unknown}
 f - a scroll of blinking
 g - a scroll of enchant armour {unknown}
 h - a scroll of teleportation {unknown}
 j - 2 scrolls of identify {unknown}
 l - 3 scrolls of vulnerability
Potions
 i - a potion of brilliance {unknown}
 k - a potion of magic {unknown}
 m - a potion of flight
 p - a potion of mutation
 r - a potion of cancellation {unknown}
 u - a potion of might {unknown}
 v - a potion of haste {unknown}


   Skills:
 + Level 5.1 Fighting
 * Level 9.5 Maces & Flails
 + Level 6.4 Dodging


You had 8 spell levels left.
You didn't know any spells.
Your spell library was empty.

Dungeon Overview and Level Annotations

Branches:
Dungeon (6/15)             Temple (0/1) D:4

Altars:

Shops:
D:6 (


Innate Abilities, Weirdness & Mutations

You are too large for most types of armour.
You have tough skin. (AC +1)
Your mind is acute. (Int +2)
You are weak. (Str -2)
You expend magic power (3 MP) to strengthen your wands.


Message History

Something hits you but does no damage.
You feel sick. Something hits you.
You are more poisoned.
Things that are here:
a +0 dagger; a +0 robe; an orc corpse You bump into the rock wall.
You feel very sick.
You hear some strange, mumbled words.
A puff of flame appears from out of thin air!
The puff of flame hits you!
You bump into the rock wall.
You feel sick.
You hear some strange, mumbled words.
You are more confused.
You're too confused to move!
You feel sick.
You hear some strange, mumbled words.
A magic dart appears from out of thin air!
The magic dart hits you.
* * * LOW HITPOINT WARNING * * *
You miss something.
You feel sick. Something hits you.
* * * LOW HITPOINT WARNING * * *
You are more poisoned.
It was a potion of flight.
You feel very buoyant.
You fly up into the air.
* * * LOW HITPOINT WARNING * * *
You feel very sick.
You hear some strange, mumbled words.
A puff of flame appears from out of thin air!
The puff of flame hits you!
* * * LOW HITPOINT WARNING * * *
It was a potion of mutation.
You feel extremely strange.
You feel clever.
You feel weaker.
You feel your magical essence link to the dungeon's wands.
* * * LOW HITPOINT WARNING * * *
You feel very sick. Something hits you but does no damage.
You are more poisoned.
It was a potion of resistance.
You feel protected.
You die...

......> #.........
......####....#....
..##.#...........#
#...........##..#
##...........##..# ####
#................. #....
#.............##.#
#.....#{.....#..∩......#
#......@.##..#.#.......#
#.....#......#.#.......#
#..............#........
###........#####........
#.......## ......#(.
#....#### #.........
...... .......... ......


There were no monsters in sight!

Vanquished Creatures
  Pikel (D:5)
  Sigmund (D:5)
  An ice beast (D:6)
  A sky beast (D:5)
  A centaur (D:6)
  4 ogres
  2 lemures (D:5)
  Blork the orc (D:5)
  2 scorpions
  A water moccasin skeleton (D:6)
  An orc priest (D:5)
  A bullfrog zombie (D:5)
  4 hounds
  Crazy Yiuf (D:5)
  A centaur zombie (D:6)
  2 centaur skeletons (D:5)
  2 iguanas
  A scorpion zombie (D:5)
  2 orc wizards
  A howler monkey zombie (D:6)
  6 gnolls (D:4)
  13 adders
  A howler monkey skeleton (D:6)
  3 dart slugs
  17 orcs
  9 ball pythons
  6 bats
  3 endoplasms
  A giant cockroach (D:1)
  14 hobgoblins
  7 quokkas
  4 frilled lizards
  8 goblins
  12 kobolds
  8 rats
143 creatures vanquished.

Vanquished Creatures (others)
  A fungus (D:5)
1 creature vanquished.

Grand Total: 144 creatures vanquished

Notes
Turn   | Place    | Note
-------+----------+-------------------------------------------
     0 | D:1      | hatdisgam the Ogre Berserker began the quest for the Orb.
     0 | D:1      | Reached XP level 1. HP: 24/24 MP: 1/1
   269 | D:1      | Reached skill level 3 in Maces & Flails
   429 | D:1      | Found a faded altar of an unknown god.
   435 | D:1      | Reached XP level 2. HP: 32/32 MP: 2/2
  1079 | D:1      | Reached XP level 3. HP: 39/39 MP: 3/3
  1402 | D:2      | Reached ** piety under Trog
  1403 | D:2      | Reached skill level 4 in Maces & Flails
  1946 | D:2      | Reached XP level 4. HP: 36/48 MP: 4/4
  2877 | D:3      | Reached skill level 5 in Maces & Flails
  2877 | D:3      | Reached XP level 5. HP: 34/54 MP: 5/5
  3407 | D:3      | Reached *** piety under Trog
  3990 | D:4      | Noticed an ogre
  3999 | D:4      | Reached XP level 6. HP: 62/62 MP: 6/6
  4001 | D:4      | Reached skill level 6 in Maces & Flails
  4341 | D:4      | Reached XP level 7. HP: 24/70 MP: 7/7
  4341 | D:4      | Found a staircase to the Ecumenical Temple.
  4350 | D:4      | HP: 3/70 [gnoll (3)]
  4946 | D:5      | Entered Level 5 of the Dungeon
  4948 | D:5      | Noticed Blork the orc
  4955 | D:5      | Killed Blork the orc
  4958 | D:5      | Reached skill level 7 in Maces & Flails
  5384 | D:5      | Reached XP level 8. HP: 68/78 MP: 8/8
  5937 | D:5      | Noticed Pikel
  5946 | D:5      | Killed Pikel
  5947 | D:5      | Reached skill level 8 in Maces & Flails
  5947 | D:5      | Reached skill level 5 in Dodging
  5986 | D:5      | Noticed Sigmund
  5998 | D:5      | Killed Sigmund
  6004 | D:5      | Reached skill level 9 in Maces & Flails
  6387 | D:5      | Reached XP level 9. HP: 33/84 MP: 9/9
  6756 | D:5      | Found a runed translucent door.
  6757 | D:5      | Identified the +8 mace of the Lusting Mosquito {flame,
                  | Will- Int+5}
  6757 | D:5      | Noticed Crazy Yiuf
  6764 | D:5      | Killed Crazy Yiuf
  7044 | D:6      | Reached skill level 5 in Fighting
  7102 | D:6      | Found Petixzyt's Antique Weapon Emporium.
  7141 | D:6      | Gained mutation: Your mind is acute. (Int +2) [potion of
                  | mutation]
  7141 | D:6      | Gained mutation: You are weak. (Str -2) [potion of
                  | mutation]
  7141 | D:6      | Gained mutation: You expend magic power (3 MP) to
                  | strengthen your wands. [potion of mutation]
  7141 | D:6      | HP: 4/88 [poisoned by an orc wizard]
  7142 | D:6      | Succumbed to an orc wizard's poison

Illustrated notes

Levels and vault maps discovered:
D:1:      wander_arrival_fairy_ring, layout_basic, ebering_ecumenical_altar_mist
D:2:      layout_loops_ring, serial_park_tiny_pond, uniq_robin
D:3:      layout_rooms, serial_park_tiny_2, kennysheep_generic_room_7
D:4:      layout_rooms, minmay_temple_entry_trees
D:5:      layout_basic, uniq_sigmund, uniq_blork_the_orc,
          uniq_crazy_yiuf_cottage, uniq_pikel
D:6:      layout_basic, serial_shops, shop

Skill      XL: |  1  2  3  4  5  6  7  8  9 |
---------------+----------------------------+-----
Maces & Flails | 3 4 5 6 7 9 |  9.5
Dodging        | 3 4 6 |  6.4
Fighting       | 5 |  5.1

Action                   |  1- 3 |  4- 6 |  7- 9 || total
-------------------------+-------+-------+-------++-------
Melee: Mace              |   138 |   192 |   106 ||   436
       Giant spiked club |       |       |    59 ||    59
Invok: Berserk           |     1 |     5 |     7 ||    13
       Trog's Hand       |       |     3 |     1 ||     4
  Use: Scroll            |       |     1 |     1 ||     2
       Potion            |       |       |     6 ||     6
 Stab: Sleeping          |     1 |       |       ||     1
Armor: Animal skin       |    53 |    47 |    36 ||   136
       Skin              |       |       |    10 ||    10
Dodge: Dodged            |    78 |   117 |    86 ||   281

Table legend: (Time is in decaauts)
 A = Elapsed time spent in this place.
 B = Non-inter-level travel time spent in this place.
 C = Inter-level travel time spent in this place.
 D = Time resting spent in this place.
 E = Time spent auto-exploring this place.
 F = Levels seen in this place.
 G = Mean time per level.
                   A        B        C        D        E       F      G
               +--------+--------+--------+--------+--------+-----+--------+
         Total |   7344 |   7274 |     70 |   1441 |   4763 |   6 | 1224.0 |
       Dungeon |   7344 |   7274 |     70 |   1441 |   4763 |   6 | 1224.0 |
               +--------+--------+--------+--------+--------+-----+--------+

Top non-repeatable levels by time:
     D:5: 1954 daAuts
     D:3: 1427 daAuts
     D:2: 1361 daAuts
     D:1: 1319 daAuts
     D:4: 957 daAuts
     D:6: 324 daAuts
